 Dungeon Crawl Stone Soup version 0.28-a0-983-g1de4e0787c (webtiles) character file.

Game seed: 779491207223100377

331 sanka the Chopper (level 6, 0/50 HPs)
             Began as a Palentonga Abyssal Knight on Dec 2, 2021.
             Was a Believer of Lugonu.
             Slain by an iguana (13 damage)
             ... on level 4 of the Dungeon.
             The game lasted 00:04:43 (4390 turns).

sanka the Chopper (Palentonga Abyssal Knight)       Turns: 4390, Time: 00:04:43

Health: 0/50       AC:  4    Str: 18    XL:     6   Next: 26%
Magic:  8/8        EV:  9    Int: 10    God:    Lugonu [**....]
Gold:   111        SH:  0    Dex: 11    Spells: 5/5 levels left

rFire   . . .      SeeInvis +   a - +1 hand axe
rCold   . . .      Faith    .   (no shield)
rNeg    . . .      Spirit   .   b - +0 leather armour
rPois   +          Reflect  .   (no helmet)
rElec   .          Harm     .   (no cloak)
rCorr   .          Rampage  .   (no gloves)
Will    .....                   (no barding)
Stlth   +.........              (no amulet)
HPRegen 0.16/turn               g - ring of poison resistance
MPRegen 0.11/turn               (no ring)

@: no status effects
A: large, rugged brown scales 3, see invisible, deformed body, roll 1, armoured
tail
a: Rolling Charge, Renounce Religion, Depart the Abyss, Bend Space


You were on level 4 of the Dungeon.
You worshipped Lugonu.
Lugonu was pleased with you.
You visited 1 branch of the dungeon, and saw 4 of its levels.
You visited the Abyss 1 time.

You collected 111 gold pieces.


Innate Abilities, Weirdness & Mutations

You are completely covered in rugged brown scales. (AC +3, +7% HP)
You have supernaturally acute eyesight. (SInv)
Armour fits poorly on your strangely shaped body.
You can roll at nearby foes to attack.
You have a long armoured tail.


   Skills:
 - Level 3.0 Fighting
 - Level 6.0 Axes
 - Level 1.5 Armour
 - Level 0.7 Dodging
 + Level 3.8 Invocations


You had 5 spell levels left.
You didn't know any spells.
Your spell library contained the following spells:

 Spells                   Type           Power      Damage    Failure   Level
 Foxfire                  Conj/Fire      0%         2x1d4     41%         1
 Pain                     Necr           0%         1d4       41%         1
 Ensorcelled Hibernation  Hex/Ice        0%         N/A       56%         2
 Conjure Flame            Conj/Fire      0%         6-21      80%         3
 Inner Flame              Hex/Fire       0%         N/A       80%         3
 Spider Form              Tmut/Pois      0%         N/A       80%         3
 Flame Wave               Conj/Fire      0%         2d4       99%         4
 Agony                    Necr           0%         N/A       100%        5
 Excruciating Wounds      Necr           0%         N/A       100%        5

Inventory:

Hand Weapons
 a - a +1 hand axe (weapon)
 m - a +0 morningstar
Missiles
 h - 56 poisoned darts
Armour
 b - a +0 leather armour (worn)
 j - a +0 pair of gloves
Jewellery
 g - a ring of poison resistance (left hand)
 n - a +6 ring of strength
Scrolls
 d - 2 scrolls of vulnerability {unknown}
 f - 2 scrolls of identify {unknown}
 i - a scroll of noise {unknown}
 l - a scroll of enchant armour {unknown}
 q - a scroll of blinking {unknown}
Potions
 c - 3 potions of curing {unknown}
 e - a potion of attraction {unknown}
 k - 2 potions of ambrosia {unknown}
 o - a potion of invisibility {unknown}
 p - a potion of brilliance {unknown}
 r - a potion of cancellation {unknown}

Dungeon Overview and Level Annotations

Branches:
Dungeon (4/15)
 Temple: D:4-7

Altars:
Kikubaaqudgha
Ru

▒▒▒ ▒.▒ ▒<▒ ▒▒▒▒▒▒▒▒.▒
.........▒
▒▒▒▒▒▒▒▒▒▒▒▒▒▒▒..▒
▒................▒ ▒▒▒
▒.▒▒▒▒▒▒▒▒▒▒▒▒▒▒.▒.....
▒▒▒.▒ ▒....lH.......▒
.▒▒.▒ ▒...........▒.▒
.▒▒.▒ ▒..▒▒▒▒.▒▒▒▒▒
(▒▒.▒▒▒▒ ... ▒.▒
.......▒ . ▒.▒
▒.▒.▒▒.▒▒▒ ▒.▒
▒.▒.▒..... ▒.▒
........... ...
▒......▒...


You could see an iguana.


Message History

You barely miss the iguana. The iguana closely misses you.
You hit the iguana but do no damage. The iguana bites you!
Unknown command.
You barely miss the iguana. The iguana barely misses you.
Unknown command.
You barely miss the iguana.
The iguana hisses menacingly.
The iguana bites you!
Unknown command.
You barely miss the iguana.
Your tail-slap misses the iguana.
The iguana barely misses you.
Unknown command.
You hit the iguana.
The iguana is lightly wounded.
The iguana bites you.
* * * LOW HITPOINT WARNING * * *
Unknown command.
You barely miss the iguana.
The iguana is lightly wounded.
The iguana bites you!
* * * LOW HITPOINT WARNING * * *
Unknown command.
You barely miss the iguana.
The iguana is lightly wounded.
The iguana bites you!
You die...

Action                   |  1- 3 |  4- 6 || total
-------------------------+-------+-------++-------
Melee: Hand axe          |   101 |   137 ||   238
       Tailslap          |     5 |    10 ||    15
 Abil: Rolling Charge    |    18 |    11 ||    29
Armor: Leather armour    |    30 |    51 ||    81
Dodge: Dodged            |    47 |    56 ||   103

Levels and vault maps discovered:
D:1:      arrival_aquarium_a, layout_loops_ring,
          shapermc_ecumenical_altar_mp_ritualfount, minmay_pentomino_t2
D:2:      layout_basic
D:3:      layout_basic, hangedman_ru_absence, nicolae_overflow_hidden_temple,
          minmay_unequal
D:4:      layout_basic, mainiacjoe_overflow_alcove_2, minmay_temple_entry_oklob,
          hex_medium

Notes
Turn   | Place    | Note
-------+----------+-------------------------------------------
     0 | Abyss:1  | sanka the Palentonga Abyssal Knight began the quest for the
                  | Orb.
     0 | Abyss:1  | Reached XP level 1. HP: 19/19 MP: 2/2
    30 | Abyss:1  | Found a corrupted altar of Lugonu.
    35 | D:1      | Escaped the Abyss
    37 | D:1      | Noticed an electric eel
   412 | D:1      | Found a faded altar of an unknown god.
   414 | D:1      | Reached XP level 2. HP: 25/25 MP: 3/3
   586 | D:1      | Reached skill level 3 in Axes
  1360 | D:2      | Reached XP level 3. HP: 31/31 MP: 4/4
  1450 | D:2      | Reached ** piety under Lugonu
  1591 | D:2      | Reached skill level 4 in Axes
  2093 | D:3      | Reached XP level 4. HP: 36/37 MP: 5/5
  2488 | D:3      | Found an ancient bone altar of Kikubaaqudgha.
  2745 | D:3      | Found a sacrificial altar of Ru.
  3028 | D:3      | Reached skill level 5 in Axes
  3117 | D:3      | Reached XP level 5. HP: 31/43 MP: 6/6
  3805 | D:4      | Reached skill level 6 in Axes
  3949 | D:4      | Reached skill level 3 in Invocations
  3949 | D:4      | Reached XP level 6. HP: 28/50 MP: 6/8
  4390 | D:4      | Slain by an iguana

Vanquished Creatures
  2 hounds (D:4)
  A jelly (D:4)
  An orc priest (D:3)
  A centaur skeleton (D:4)
  An orc wizard (D:3)
  A hound skeleton (D:2)
  6 adders
  An adder skeleton (D:4)
  A dart slug (D:3)
  10 orcs
  6 ball pythons
  8 endoplasms
  A giant cockroach (D:2)
  5 goblins
  8 hobgoblins
  7 jackals (D:3)
  3 quokkas (D:1)
  7 bats
  4 frilled lizards
  3 kobolds
  2 rats
79 creatures vanquished.

Vanquished Creatures (others)
  2 fungi (D:1)
  29 plants
31 creatures vanquished.

Grand Total: 110 creatures vanquished
